 Dungeon Crawl Stone Soup version 0.30.1-4-g462c640d31 (webtiles) character file.

Game seed: 9455237077395865989

535 Gorgoleon the Cleaver (level 7, -2/61 HPs)
             Began as a Hill Orc Berserker on Aug 17, 2023.
             Was a Priest of Trog.
             Succumbed to an orc's poison
             ... on level 5 of the Dungeon.
             The game lasted 00:11:06 (3981 turns).

Gorgoleon the Cleaver (Hill Orc Berserker)          Turns: 3981, Time: 00:11:07

Health: -2/61      AC:  8    Str: 20 (22) XL:     7   Next: 25%
Magic:  7/7        EV: 11    Int:  6 (7)  God:    Trog [***...]
Gold:   198        SH:  0    Dex:  7 (10) Spells: 6/6 levels left

rFire   . . .        a - +1 hand axe
rCold   . . .        (no shield)
rNeg    . . .        g - +1 ring mail
rPois   .            p - +1 hat
rElec   .            (no cloak)
rCorr   .            k - +0 pair of gloves
SInv    .            (no boots)
Will    .....        (no amulet) Stlth
                     (no ring)
HPRegen 0.30/turn    (no ring)
MPRegen 0.10/turn

%: no passive effects
@: lethally poisoned (-2 -> -18)
A: no striking features
a: Renounce Religion, Berserk, Trog's Hand


You were on level 5 of the Dungeon.
You worshipped Trog.
Trog was most pleased with you.
You visited 1 branch of the dungeon, and saw 5 of its levels.

You collected 198 gold pieces.

Inventory:

Hand Weapons
 a - a +1 hand axe (weapon)
Missiles
 d - 2 throwing nets (quivered)
Armour
 g - a +1 ring mail (worn)
 k - a +0 pair of gloves (worn)
 p - a +1 hat (worn)
Wands
 i - a wand of mindburst (19)
 o - a wand of polymorph (8)
Scrolls
 b - a scroll of enchant armour
 c - 3 scrolls of identify
 e - 2 scrolls of butterflies
 n - a scroll of poison
 q - a scroll of teleportation
Potions
 h - a potion of attraction
 l - 2 potions of degeneration
 m - 2 potions of brilliance {unknown}
 r - a potion of curing {unknown}


   Skills:
 - Level 5.0 Fighting
 + Level 8.9 Axes
 - Level 3.0 Armour
 - Level 2.0 Dodging
 - Level 2.0 Evocations


You had 6 spell levels left.
You didn't know any spells.
Your spell library was empty.

Dungeon Overview and Level Annotations

Branches:
Dungeon (5/15)             Temple (0/1) D:4

Altars:
Dithmenos
Gozag
Okawaru


Message History

The orc hits you from afar with a +0 trident of venom.
You are more poisoned.
You miss the orc wizard.
The orc wizard is almost dead.
You feel very sick.
The orc wizard casts a spell.
The orc wizard flickers and vanishes!
Deactivating autopickup; reactivate with Ctrl-A.
The orc closely misses you.
You're too confused to move!
You feel very sick.
You hear some strange, mumbled words.
A puff of flame appears from out of thin air!
The puff of flame hits you.
The orc hits you from afar with a +0 trident of venom.
You closely miss something.
You feel less invigorated.
You feel sick. Something hits you but does no damage.
The orc barely misses you.
You feel sick.
You barely miss something.
You feel less confused.
You feel sick. Something hits you but does no damage.
The orc hits you but does no damage.
You are more poisoned.
You hit something but do no damage.
You feel very sick. Something hits you but does no damage.
The orc barely misses you.
You closely miss something.
You feel very sick.
You miss something.
You feel sick.
You hear some strange, mumbled words.
A puff of flame appears from out of thin air!
The puff of flame hits you!
* * * LOW HITPOINT WARNING * * *
The orc hits you from afar with a +0 trident of venom.
* * * LOW HITPOINT WARNING * * *
You are more poisoned.
It was a potion of degeneration.
There was something very wrong with that liquid.
You feel weakened.
You feel dopey.
You feel clumsy.
You die...

........#...#.. ...#...#.##
#...
###.###.#...###...###...#.#
#... #.# #.# ..# #.#
#...#.####... # #.# ..###.
#.#...###....##... # #.# ..#..
#.#.....#......... #
#.#####...###...###...######...
# #........#...#.#...#.....#
#... ###..#...###...#.#...###..
#...##
........#..#...#@#...#..#
...###
........#...###.{.###...#..##
..............#..o#)))..##
..........##...###)).##..o...
...[.......<#### ##### .....
..........#..# o...
..........##.... ...
..........# ##.... ..
..........# ....☼ .


You could see an orc.

Vanquished Creatures
  A black bear (D:5)
  An ogre (D:4)
  2 scorpions (D:5)
  An orc wizard (D:5)
  Terence (D:3)
  6 adders
  4 gnolls (D:4)
  2 worms (D:3)
  3 dart slugs
  10 orcs
  7 ball pythons
  10 endoplasms
  3 giant cockroaches (D:4)
  10 goblins
  7 hobgoblins
  A quokka (D:1)
  4 bats
  3 frilled lizards
  3 kobolds
  7 rats
86 creatures vanquished.

Vanquished Creatures (others)
  An orc (D:5)
1 creature vanquished.

Grand Total: 87 creatures vanquished

Notes
Turn   | Place    | Note
-------+----------+-------------------------------------------
     0 | D:1      | Gorgoleon the Hill Orc Berserker began the quest for the
                  | Orb.
     0 | D:1      | Reached XP level 1. HP: 19/19 MP: 1/1
   336 | D:1      | Reached XP level 2. HP: 19/27 MP: 2/2
   873 | D:2      | Reached XP level 3. HP: 33/33 MP: 3/3
   967 | D:2      | Reached ** piety under Trog
   995 | D:2      | Found a faded altar of an unknown god.
  1528 | D:2      | Reached skill level 5 in Axes
  1554 | D:3      | Reached XP level 4. HP: 34/41 MP: 4/4
  1729 | D:3      | Noticed Terence
  1739 | D:3      | Killed Terence
  1972 | D:3      | Found an opulent altar of Gozag.
  2676 | D:4      | Found a staircase to the Ecumenical Temple.
  2776 | D:4      | Reached XP level 5. HP: 34/47 MP: 5/5
  2792 | D:4      | Reached skill level 6 in Axes
  2908 | D:4      | Noticed an ogre
  2914 | D:4      | Killed an ogre
  2915 | D:4      | Reached skill level 5 in Fighting
  2915 | D:4      | Reached skill level 1 in Evocations
  2915 | D:4      | Reached XP level 6. HP: 56/56 MP: 6/6
  2987 | D:4      | Found a shadowy altar of Dithmenos.
  3126 | D:4      | Reached skill level 7 in Axes
  3146 | D:4      | Found an iron altar of Okawaru.
  3559 | D:5      | Entered Level 5 of the Dungeon
  3846 | D:5      | Noticed a black bear
  3858 | D:5      | Killed a black bear
  3858 | D:5      | Reached *** piety under Trog
  3859 | D:5      | Reached skill level 8 in Axes
  3859 | D:5      | Reached XP level 7. HP: 58/61 MP: 7/7
  3980 | D:5      | HP: 3/61 [something/puff of flame (9)]
  3981 | D:5      | Succumbed to an orc's poison

Illustrated notes

Levels and vault maps discovered:
D:1:      dpeg_arrival_windows_large_door, layout_loops_ring
D:2:      layout_rooms, shapermc_ecumenical_altar_mp_highgroup,
          chequers_big_river
D:3:      layout_basic, mainiacjoe_overflow_cross_hatched, kennysheep_boxes,
          uniq_terence
D:4:      layout_basic, mainiacjoe_overflow_surrounded_room,
          hellmonk_okawaru_the_only_friend_you_need,
          minmay_temple_entry_nine_rooms
D:5:      layout_rooms, elyvilon_altar_1, fiery_altar_vehumet,
          mainiacjoe_overflow_catch_the_wave, nicolae_titane, uniq_grinder

Skill      XL: |  1  2  3  4  5  6 |
---------------+-------------------+-----
Fighting       | 4 5 |  5.0
Dodging        | 2 |  2.0
Axes           | 5 6 8 |  8.9
Armour         | 3 |  3.0
Evocations     | 1 2 |  2.0

Action                     |  1- 3 |  4- 6 |  7- 9 || total
---------------------------+-------+-------+-------++-------
  Melee: Hand axe          |   105 |   171 |    42 ||   318
         Punch             |     1 |     1 |       ||     2
 Invoke: Berserk           |       |     2 |       ||     2
    Use: Scroll            |       |    13 |       ||    13
         Potion            |       |       |     4 ||     4
 Armour: Animal skin       |     3 |       |       ||     3
         Ring mail         |    39 |    54 |    28 ||   121
  Dodge: Dodged            |    71 |    85 |    25 ||   181
